 Dungeon Crawl Stone Soup version 0.31-a0-182-gc5ef74bbde (webtiles) character file.

Game seed: 2029004867202357815

7 Moral the Chiller (level 2, -1/22 HPs)
             Began as a Naga Ice Elementalist on June 21, 2023.
             Slain by a kobold
             ... wielding a +0 short sword
              (4 damage)
             ... on level 1 of the Dungeon.
             The game lasted 00:00:35 (254 turns).

Moral the Chiller (Naga Ice Elementalist)            Turns: 254, Time: 00:00:35

Health: -1/22      AC:  1    Str: 10    XL:     2   Next: 4%
Magic:  1/5        EV: 10    Int: 15    God:
Gold:   7          SH:  0    Dex: 11    Spells: 4/5 levels left

rFire   . . .        (no weapon)
rCold   . . .        (no shield)
rNeg    . . .        a - +0 robe
rPois   +            (no helmet)
rElec   .            (no cloak)
rCorr   .            (no gloves)
SInv    +            (no barding)
Will    .....        (no amulet)
Stlth   ++           (no ring)
HPRegen 0.23/turn    (no ring)
MPRegen 0.09/turn

%: no passive effects
@: very slow
A: AC +0, large, see invisible, deformed body, poison resistance, slowness 2,
spit poison 1, naga tail 1
a: Spit Poison


You were on level 1 of the Dungeon.
You visited 1 branch of the dungeon, and saw 1 of its levels.

You collected 7 gold pieces.

Inventory:

Armour
 a - a +0 robe (worn)
Scrolls
 e - a scroll of fog {unknown}
Potions
 b - a potion of magic
 c - a potion of curing {unknown}
 d - a potion of berserk rage {unknown}


   Skills:
 + Level 1.7 Dodging
 + Level 3.3 Stealth
 + Level 2.1 Spellcasting
 + Level 4.1 Ice Magic


You had 4 spell levels left.
You knew the following spells:

 Your Spells              Type           Power      Damage    Failure   Level
a - Freeze                Ice            52%        1d6       4%          1

Your spell library contained the following spells:

 Spells                   Type           Power      Damage    Failure   Level
 Frozen Ramparts          Ice            26%        1d4       12%         3
 Ozocubu's Armour         Ice            13%        N/A       12%         3
 Summon Ice Beast         Ice/Summ       7%         N/A       67%         4


Dungeon Overview and Level Annotations

Branches:
Dungeon (1/15)

Altars:


Innate Abilities, Weirdness & Mutations

Your serpentine skin is tough. (AC +0)
You have supernaturally acute eyesight. (SInv)
Armour fits poorly on your strangely shaped body.
Your system is resistant to poisons. (rPois)
You cover ground very slowly.
You can spit poison.
You have a snake-like lower body.


Message History

The kobold shouts!
The giant cockroach bites you. The giant cockroach barely misses you.
You freeze the giant cockroach.
The giant cockroach is heavily wounded.
The giant cockroach barely misses you.
You freeze the giant cockroach!
You kill the giant cockroach!
The ball python bites you.
You freeze the ball python.
You kill the ball python!
You are out of magic!
You are out of magic!
Aiming: Spit Poison (3% risk of failure)
Press: ? - help, Shift-Dir - straight line, f - hobgoblin
Aim: a hobgoblin (53% to hit)
The splash of poison hits the hobgoblin.
The hobgoblin is poisoned.
The hobgoblin is lightly wounded.
You closely miss the hobgoblin.
The hobgoblin is lightly wounded.
The hobgoblin hits you.
You hit the hobgoblin.
The hobgoblin is severely wounded.
You have got your breath back.
The hobgoblin hits you.
The kobold throws a stone.
The stone closely misses you.
You closely miss the hobgoblin.
The hobgoblin is severely wounded.
You kill the hobgoblin!
You have reached level 2!
You barely miss the kobold.
The kobold hits you with a +0 short sword.
You hit the kobold but do no damage. The kobold barely misses you.
You hit the kobold but do no damage. The kobold closely misses you.
You hit the kobold but do no damage.
The kobold hits you with a +0 short sword.
* * * LOW HITPOINT WARNING * * *
You barely miss the kobold.
The kobold hits you with a +0 short sword.
You die...

#.........#§§§.
......#.##......##.#...§
......#.######..##.#...§
......#.#######....#..§§
....#............#..≈.
.....#.########..#≈≈≈
#####...#.# #.......§#..
.......K#.# #.###.#.#.#.
#####.@#.# #.# #.#....#
#......#.###.# ####.>#.
#.####.#...#'#######.##
#.###.......# #.#
#...........# #.##
####........# #...
#........# #..#
#........# #.##
#........# #.'.


You could see a kobold.

Vanquished Creatures
  A giant cockroach (D:1)
  A goblin (D:1)
  A hobgoblin (D:1)
  A quokka (D:1)
  2 ball pythons (D:1)
6 creatures vanquished.

Notes
Turn   | Place    | Note
-------+----------+-------------------------------------------
     0 | D:1      | Moral the Naga Ice Elementalist began the quest for the
                  | Orb.
     0 | D:1      | Reached XP level 1. HP: 15/15 MP: 3/3
   101 | D:1      | Found a faded altar of an unknown god.
   250 | D:1      | Reached XP level 2. HP: 10/22 MP: 0/5
   254 | D:1      | Slain by a kobold

Illustrated notes

Levels and vault maps discovered:
D:1:      minmay_arrival_widening_spiral_wide, layout_basic,
          shapermc_ecumenical_altar_starsandcircs, serial_shops, shop

Action                     || total
---------------------------++-------
  Melee: Unarmed           ||     9
   Cast: Freeze            ||     8
Ability: Spit Poison       ||     1
  Dodge: Dodged            ||     9

Table legend: (Time is in decaauts)
 A = Elapsed time spent in this place.
 B = Non-inter-level travel time spent in this place.
 C = Inter-level travel time spent in this place.
 D = Time resting spent in this place.
 E = Time spent auto-exploring this place.
 F = Levels seen in this place.
 G = Mean time per level.
                   A        B        C        D        E       F      G
               +--------+--------+--------+--------+--------+-----+--------+
         Total |    319 |    319 |      0 |      0 |    272 |   1 |  319.0 |
       Dungeon |    319 |    319 |      0 |      0 |    272 |   1 |  319.0 |
               +--------+--------+--------+--------+--------+-----+--------+

Top non-repeatable levels by time:
     D:1: 319 daAuts
